 Dungeon Crawl Stone Soup version 0.31.0-11-ge490571c62 (webtiles) character file.

Game seed: 11912014648273714717

49 AlmostDecent the Covered (level 3, 0/24 HPs)
             Began as a Gargoyle Fighter on Jan 29, 2024.
             Slain by Crazy Yiuf
             ... wielding a +2 quarterstaff of chaos
              (7 damage)
             ... on level 2 of the Dungeon.
             The game lasted 00:02:30 (937 turns).

AlmostDecent the Covered (Gargoyle Fighter)          Turns: 937, Time: 00:02:31

Health: 0/24       AC: 10    Str: 21    XL:     3   Next: 77%
Magic:  3/3        EV:  9    Int:  8    God:
Gold:   66         SH:  4    Dex:  9    Spells: 2/2 levels left

rFire   . . .        a - +0 war axe
rCold   . . .        c - +0 buckler
rNeg    + . .        b - +0 scale mail
rPois   ∞            (no helmet)
rElec   +            (no cloak)
rCorr   .            (no gloves)
SInv    .            (no boots)
Will    .....        (no amulet) Stlth
                     (no ring)
HPRegen 0.24/turn    (no ring)
MPRegen 0.08/turn

%: no passive effects
@: mighty, weakened
A: sickness immunity, AC +3, negative energy resistance 1, electricity
resistance, torment resistance 1, petrification resistance
a: no special abilities


You were on level 2 of the Dungeon.
You visited 1 branch of the dungeon, and saw 2 of its levels.

You collected 66 gold pieces.

Inventory:

Hand Weapons
 a - a +0 war axe (weapon)
 f - a +1 hand axe of flaming
Armour
 b - a +0 scale mail (worn)
 c - a +0 buckler (worn)
Scrolls
 e - 3 scrolls of identify {unknown}
 h - 2 scrolls of enchant armour {unknown}
 i - a scroll of revelation {unknown}
 j - a scroll of poison {unknown}
Potions
 g - a potion of lignification {unknown}


   Skills:
 + Level 3.6 Fighting
 * Level 2.6 Axes
 + Level 3.8 Armour
 + Level 0.2 Dodging
 + Level 3.5 Shields


You had 2 spell levels left.
You didn't know any spells.
Your spell library was empty.

Dungeon Overview and Level Annotations

Branches:
Dungeon (2/15)

Altars:

Annotations:
D:2 Crazy Yiuf


Innate Abilities, Weirdness & Mutations

You are immune to sickness and miasma.
Your stone body is resilient. (AC +3)
You are immune to poison.
You resist negative energy. (rN+)
You are resistant to electric shocks. (rElec)
You are resistant to unholy torment.
You are immune to petrification.


Message History

An endoplasm comes into view.
Found a scroll labelled AHEXIL KUR CIUDOV.
Found a stone staircase leading down.
A ball python comes into view.
The ball python hisses angrily.
Found 8 gold pieces.
The endoplasm closely misses you.
You slash the endoplasm!
You kill the endoplasm!
You slash the ball python!
You kill the ball python!
No target in view!
No target in view!
You now have 66 gold pieces (gained 8).
j - a scroll labelled AHEXIL KUR CIUDOV An endoplasm comes into view.
The endoplasm quivers.
An endoplasm is nearby!
The endoplasm hits you but does no damage.
You barely miss the endoplasm. The endoplasm hits you.
The endoplasm hits you but does no damage.
You slash the endoplasm!
You kill the endoplasm!
No target in view!
Found a hammer.
Found a runed translucent door.
Crazy Yiuf shouts!
You open the door. You barely miss Crazy Yiuf.
Crazy Yiuf hits you with a +2 quarterstaff of chaos.
Crazy Yiuf burns you.
Crazy Yiuf hits you with a +2 quarterstaff of chaos!
You feel your attacks grow feeble.
You slash Crazy Yiuf!
Crazy Yiuf is heavily wounded.
Crazy Yiuf hits you with a +2 quarterstaff of chaos.
* * * LOW HITPOINT WARNING * * *
You feel very mighty all of a sudden.
Crazy Yiuf screams, "Prologue spinner meccalolo!"
Crazy Yiuf hits you with a +2 quarterstaff of chaos!
You die...

#.###....# #.#
#....# #.# ♣....♣
#.# ♣...♣♣ #.# ♣♣.♣♣
###.# ♣.♣♣
######...# ♣♣.♣
#........# ♣.♣♣
#........# ♣♣@♣
#........# #g#
#........# ...
#........# #...#
###..###.# #..)#
###....# #.# #####
## .......###.# .
...........#########
. #.
.......###.........#
.# ..


You could see Crazy Yiuf.

Vanquished Creatures
  2 dart slugs (D:1)
  3 ball pythons
  3 bats
  6 endoplasms
  7 goblins
  3 hobgoblins (D:1)
  3 jackals (D:2)
  A quokka (D:2)
  5 frilled lizards
  3 kobolds
  4 rats
40 creatures vanquished.

Notes
Turn   | Place    | Note
-------+----------+-------------------------------------------
     0 | D:1      | AlmostDecent the Gargoyle Fighter began the quest for the
                  | Orb.
     0 | D:1      | Reached XP level 1. HP: 14/14 MP: 1/1
   160 | D:1      | Reached XP level 2. HP: 18/19 MP: 2/2
   455 | D:1      | Reached XP level 3. HP: 18/23 MP: 3/3
   930 | D:2      | Found a runed translucent door.
   931 | D:2      | Noticed Crazy Yiuf
   937 | D:2      | Slain by Crazy Yiuf

Illustrated notes

Levels and vault maps discovered:
D:1:      minmay_arrival_plants_in_alcoves, layout_loops_cross
D:2:      layout_rooms, serial_shops, shop, shapermc_ecumenical_altar_gd,
          uniq_crazy_yiuf_cottage

Skill      XL: |  1  2 |
---------------+-------+-----
Axes           | 2 |  2.6
Fighting       | |  3.6
Armour         | |  3.8
Dodging        | |  0.2
Shields        | |  3.5

Action                     || total
---------------------------++-------
  Melee: War axe           ||   108
    Use: Potion            ||     1
 Armour: Scale mail        ||    88
  Dodge: Dodged            ||    61
  Block: Buckler           ||    19
